[Event "36th European Club Cup 2021"]
[Site "Struga"]
[Date "2021.09.23"]
[Round "6.50"]
[White "Dudin, Gleb"]
[Black "Nikolovski, Nikola"]
[Result "1-0"]
[ECO "A96"]
[WhiteElo "2434"]
[BlackElo "2409"]
[Annotator "NA"]
[PlyCount "67"]
[EventDate "2021.09.18"]
[EventType "team-tourn"]
[EventCountry "MKD"]
[SourceTitle "playchess.com"]
[Source "ChessBase"]
[SourceQuality "1"]
[TimeControl "40/5400+30:1800+30"]

1. d4 e6 2. c4 f5 3. g3 Nf6 4. Bg2 Be7 5. Nf3 O-O 6. O-O d6 7. b3 Ne4 8. Bb2 Bf6 9. Nbd2 Nc6 10. Ne1 Nc5 11. e3 a5 12. a3 Nd7 13. f4 e5 14. fxe5 dxe5 15.
d5 Ne7 16. e4 f4 17. Nd3 fxg3 18. hxg3 b6 19. Qh5 Ng6 20. Nf3 Qe7 21. b4 Nh8 22. Nfxe5 g6 23. Nxd7 gxh5 24. Nxf6+ Rxf6 25. Bxf6 Qe8 26. b5 Bg4 27. e5 Nf7 28. Rae1 Ra7 29. d6 cxd6 30. Bd5 h6 31. exd6 Qb8 32. Be7 h4 33. Rxf7 Rxe7 34. Rfxe7+ 1-0

[Event "36th European Club Cup 2021"]
[Site "Struga"]
[Date "2021.09.23"]
[Round "6.51"]
[White "Risteski, Emil"]
[Black "Boskovic, Drasko"]
[Result "0-1"]
[ECO "B30"]
[WhiteElo "2320"]
[BlackElo "2457"]
[Annotator "ChessBase"]
[PlyCount "96"]
[EventDate "2021.09.18"]
[EventType "team-tourn"]
[EventCountry "MKD"]
[SourceTitle "playchess.com"]
[Source "ChessBase"]
[SourceQuality "1"]
[TimeControl "40/5400+30:1800+30"]

1. e4 c5 2. Nf3 Nc6 3. Bb5 e5 4. O-O Bd6 5. c3 a6 6. Ba4 b5 7. Bb3 c4 8. Bc2 Nf6 9. a4 b4 10. Qe2 O-O 11. d4 cxd3 12. Bxd3 h6 13.
Rd1 Bc5 14. Be3 Qb6 15. Bxc5 Qxc5 16. cxb4 Nxb4 17. Nc3 Bb7 18. Bc4 Rac8 19. b3 Rfe8 20. Ne1 Nc6 21. Nf3 Nd4 22. Qa2 Nxf3+ 23. gxf3 Red8 24. Qd2 Rc6 25. Kh1 Nh5 26. Qe3 Nf4 27. Nd5 Nxd5 28. Bxd5 Qxe3 29. fxe3 Rb6 30. a5 Rb4 31. Bc4 Kf8 32. Rd6 Ke7 33. Rad1 Bc6 34. Kg2 Rdb8 35. Kg3 R8b7 36. Kg4 Bb5 37. Bxb5 R4xb5 38. Rxa6 Rxb3 39. Ra8 Rxe3 40. Rd5 d6 41. Rc8 g6 42. a6 Rbb3 43. Kg3 Rxf3+ 44. Kg2 Rfc3 45. Rxc3 Rxc3 46. Ra5 Rc8 47. a7 Ra8 48. Kf3 Kd7 0-1

[Event "36th European Club Cup 2021"]
[Site "Struga"]
[Date "2021.09.23"]
[Round "6.52"]
[White "Tadic, Stefan"]
[Black "Podlesnik, Bogdan"]
[Result "0-1"]
[ECO "B22"]
[WhiteElo "2339"]
[BlackElo "2327"]
[Annotator "NA"]
[PlyCount "86"]
[EventDate "2021.09.18"]
[EventType "team-tourn"]
[EventCountry "MKD"]
[SourceTitle "playchess.com"]
[Source "ChessBase"]
[SourceQuality "1"]
[TimeControl "40/5400+30:1800+30"]

1. e4 c5 2. c3 d5 3. exd5 Qxd5 4. d4 e6 5. Nf3 Nc6 6. Na3 Qd8 7. Nc2 Nf6 8. Bd3 Be7 9. O-O O-O 10. Qe2 b6 11. dxc5 bxc5 12. Bf4 Nd5 13.
Bg3 Bd6 14. Rad1 Bxg3 15. fxg3 Qe7 16. c4 Nf6 17. g4 Bb7 18.
g5 Nh5 19. h4 Ng3 20. Qe3 Nxf1 21. Rxf1 Rad8 22. Nh2 Qd6 23. Be4 Nd4 24. Bxb7 Nxc2 25. Qf2 Qd4 26. Nf3 Qxf2+ 27. Rxf2 Nd4 28. Ne5 Nf5 29. Nf3 Nd6 30. Bc6 Rc8 31. Bb5 Nxb5 32. cxb5 f6 33. gxf6 gxf6 34. g4 h6 35. Kf1 Kg7 36. Ke2 Rb8 37. a4 a6 38. g5 axb5 39. gxf6+ Rxf6 40. Rg2+ Rg6 41. Rxg6+ Kxg6 42. Ne5+ Kh5 43. Nd7 Rd8 0-1

[Event "36th European Club Cup 2021"]
[Site "Struga"]
[Date "2021.09.23"]
[Round "6.53"]
[White "Zlatkov, Anton"]
[Black "Gotovusa, Goran"]
[Result "1/2-1/2"]
[ECO "C42"]
[WhiteElo "2132"]
[BlackElo "2161"]
[Annotator "NA"]
[PlyCount "92"]
[EventDate "2021.09.18"]
[EventType "team-tourn"]
[EventCountry "MKD"]
[SourceTitle "playchess.com"]
[Source "ChessBase"]
[SourceQuality "1"]
[TimeControl "40/5400+30:1800+30"]

1. e4 e5 2. Nf3 Nf6 3. Nxe5 d6 4. Nf3 Nxe4 5. Nc3 Nf6 6.
d4 Be7 7. Bd3 O-O 8. h3 c6 9. O-O Na6 10. a3 Nc7 11. Ne2 d5 12. Ng3 Re8 13.
c3 Bd6 14. Nf5 Bxf5 15. Bxf5 g6 16. Bd3 Ne6 17. Ne5 c5 18.
Nf3 c4 19. Bc2 Nd7 20. g3 Qc7 21. Kg2 Re7 22. Nh2 f5 23. f4 Nf6 24. Nf3 Ne4 25. Bxe4 fxe4 26. Ne5 Bxe5 27. fxe5 Rf7 28. Bh6 Ng7 29. Bg5 Raf8 30. Qe2 Rxf1 31. Rxf1 Rxf1 32. Qxf1 Qf7 33. Bf6 Ne8 34. g4 Nxf6 35. exf6 Qe6 36. Qf4 e3 37. Kf1 Kf7 38. Ke2 Qxf6 39. Qxf6+ Kxf6 40. Kxe3 Kg5 41. Kf3 Kh4 42. Kg2 h5 43. gxh5 Kxh5
44. Kg3 g5 45. Kg2 Kh4 46.
Kh2 g4 1/2-1/2

[Event "36th European Club Cup 2021"]
[Site "Struga"]
[Date "2021.09.23"]
[Round "6.54"]
[White "Gjorgjieski, Dejan"]
[Black "Andonovski, Ljubisa"]
[Result "0-1"]
[ECO "A37"]
[WhiteElo "2125"]
[BlackElo "2252"]
[Annotator "NA"]
[PlyCount "120"]
[EventDate "2021.09.18"]
[EventType "team-tourn"]
[EventCountry "MKD"]
[SourceTitle "playchess.com"]
[Source "ChessBase"]
[SourceQuality "1"]
[TimeControl "40/5400+30:1800+30"]

1. Nf3 c5 2. c4 Nc6 3. Nc3 g6 4. g3 Bg7 5. Bg2 d6 6. d3 Rb8 7. O-O a6 8. a4 Nf6 9. Bd2 O-O 10. Ne1 Bd7 11. Nc2 Qc8 12. Re1 Bh3 13.
Bh1 h5 14. Rb1 Ne5 15. Ne3 Nc6 16. Ned5 Nxd5 17. Nxd5 b5 18. axb5 axb5 19. cxb5 Rxb5 20. Qa4 Qb8 21. Qh4 Be6 22. Nc3 Rb4 23. Qg5 Bf6 24. Qe3 Nd4 25. Ne4 Nf5 26. Nxf6+ exf6 27. Qf3 Rxb2 28. Rxb2 Qxb2 29. Bf4 Nd4 30. Qe3 Re8 31. Qd2 Qxd2 32. Bxd2 Bf5 33. e4 Bg4 34. Bf4 Ne2+ 35. Kg2 Nxf4+ 36. gxf4 Bd7 37. Rb1 f5 38. Kg3 fxe4 39. Bxe4 Be6 40. Rb6 d5 41. Bf3 Rc8 42. Rb3 c4 43. dxc4 dxc4 44. Rc3 Kf8 45. Be2 Ke7 46. f5 gxf5 47. Bxh5 Kd6 48. Kf4 Kc5 49. h4 Kb4 50. Rc1 Rh8 51. Kg5 f6+ 52. Kxf6 Rxh5 53. Kxe6 f4 54. Kf6 f3 55. Rh1 c3 56. Kg6 Rd5 57. h5 c2 58. h6 Rd1 59. Rh4+ Kb3 60. h7 Rd8 0-1

[Event "36th European Club Cup 2021"]
[Site "Struga"]
[Date "2021.09.23"]
[Round "6.55"]
[White "Haria, Ravi"]
[Black "Llobell Cortell, Enrique"]
[Result "1-0"]
[ECO "B11"]
[WhiteElo "2465"]
[BlackElo "2392"]
[Annotator "ChessBase"]
[PlyCount "101"]
[EventDate "2021.09.18"]
[EventType "team-tourn"]
[EventCountry "MKD"]
[SourceTitle "playchess.com"]
[Source "ChessBase"]
[SourceQuality "1"]
[TimeControl "40/5400+30:1800+30"]

1. e4 c6 2. Nf3 d5 3. Nc3 Nf6 4. e5 Ne4 5. Ne2 Qb6 6. d4 e6 7. Ng3 c5 8. Bd3 Nxg3 9. fxg3 h6 10. O-O Nc6 11. Kh1 Bd7 12. dxc5 Bxc5 13. c3 Be3 14. Qe2 Bxc1 15. Raxc1 O-O-O 16. b4 Kb8 17. a4 Rc8 18. a5 Qd8 19. Qe3 Qe7 20. Nd4 Nxd4 21. Qxd4 h5 22. h3 Rhd8 23. Kh2 Be8 24. Be2 g6 25. a6 b6 26. Qf4 Rc7 27. b5 Rdc8 28. c4 dxc4 29. Rxc4 Rxc4 30. Bxc4 Qb4 31. Qf3 Rc7 32. Rd1 Bd7 33. Be2 h4 34. gxh4 Bc8 35.
Qg4 Qc3 36. Qe4 Rc5 37. Rd4 Kc7 38. Rc4 Rxc4 39. Qxc4+ Qxc4 40. Bxc4 Kd8 41. Kg3 Ke7 42. Kf4 f6 43. g4 Bd7 44. exf6+ Kxf6 45. g5+ Ke7 46. Ke5 Be8 47. Bd3 Bd7 48. Bxg6 Bxb5 49. h5 Bxa6 50. h6 Kf8 51. Ke4 1-0

[Event "36th European Club Cup 2021"]
[Site "Struga"]
[Date "2021.09.23"]
[Round "6.56"]
[White "Sos Andreu, Eric"]
[Black "O`Donnell, Conor"]
[Result "1-0"]
[ECO "A62"]
[WhiteElo "2355"]
[BlackElo "2303"]
[Annotator "NA"]
[PlyCount "119"]
[EventDate "2021.09.18"]
[EventType "team-tourn"]
[EventCountry "MKD"]
[SourceTitle "playchess.com"]
[Source "ChessBase"]
[SourceQuality "1"]
[TimeControl "40/5400+30:1800+30"]

1. d4 Nf6 2. c4 e6 3. g3 c5 4. d5 exd5 5. cxd5 d6 6. Nc3 g6 7. Nf3 Bg7 8. Bg2 O-O 9. O-O Re8 10. Bf4 Na6 11. Re1 Bg4 12. h3 Bxf3 13. Bxf3 Nd7 14. e4 Ne5 15. Be2 Nc7 16. Qd2 Qd7 17. Kg2 f5 18. Bf1 Rf8 19. a4 a6 20.
Rab1 b5 21. b4 c4 22. Rbd1 Rab8 23. a5 Rf7 24. Bxe5 Bxe5 25. f4 Bxc3 26. Qxc3 fxe4 27. Rxe4 Qf5 28. Qd4 Re8 29. Rxe8+ Nxe8 30. Be2 Qf6 31. Bg4 Qxd4 32. Rxd4 Rc7 33. Bd1 c3 34. Bc2 Rc4 35. Rd3 Nf6 36. Kf3 Kf8 37. Ke2 Rxb4 38. Rxc3 Rc4 39. Rxc4 bxc4 40. Ke3 Nxd5+ 41. Kd4 Ne7 42. Kxc4 Nc6 43. Be4 Nd8 44. Bd5 Ke7 45. g4 h5 46. Kd3 hxg4 47. hxg4 Kf6 48. Ke4 Ke7 49. f5 Kf6 50. fxg6 Kxg6 51. Kf4 Kf6 52. g5+ Kg7 53. Kf5 Nf7 54. Ke6 Nxg5+ 55. Kxd6 Kf6 56. Bb7 Nf7+ 57. Kc7 Ke5 58. Bxa6 Nd6 59. Bd3 Ne8+ 60. Kc6 1-0

[Event "36th European Club Cup 2021"]
[Site "Struga"]
[Date "2021.09.23"]
[Round "6.57"]
[White "Kanyamarala, Tarun"]
[Black "Pallardo Lozoya, Jose Vicente"]
[Result "1-0"]
[ECO "B13"]
[WhiteElo "2275"]
[BlackElo "2357"]
[Annotator "NA"]
[PlyCount "61"]
[EventDate "2021.09.18"]
[EventType "team-tourn"]
[EventCountry "MKD"]
[SourceTitle "playchess.com"]
[Source "ChessBase"]
[SourceQuality "1"]
[TimeControl "40/5400+30:1800+30"]

1. e4 c6 2. d4 d5 3. exd5 cxd5 4. Bd3 Nc6 5. c3 Nf6 6. Bf4 Bg4 7. Qb3 Qc8 8. Nd2 e6 9. Ngf3 Be7 10. O-O O-O 11. Ne5 Nxe5 12. Bxe5 Bh5 13. Rac1 b6 14. c4 dxc4 15. Rxc4 Qd8 16. Rfc1 Bg6 17. Be2 Bd6 18. Bf3 Rb8 19. Nf1 Qe7 20. Rc6 Rbd8 21. Ne3 Ne4 22. Nc4 Bxe5 23. dxe5 Nd2 24. Nxd2 Rxd2 25. Qe3 Rxb2 26. Rc7 Qd8 27. Rxa7 Qb8 28. Ra8 Qxa8 29. Bxa8 Rxa8 30. Qa3 Rxa2 31. Qxa2 1-0

[Event "36th European Club Cup 2021"]
[Site "Struga"]
[Date "2021.09.23"]
[Round "6.59"]
[White "Pein, Jonathan"]
[Black "Torres Sanchez, Jose"]
[Result "0-1"]
[ECO "B40"]
[WhiteElo "2254"]
[BlackElo "2271"]
[Annotator "NA"]
[PlyCount "80"]
[EventDate "2021.09.18"]
[EventType "team-tourn"]
[EventCountry "MKD"]
[SourceTitle "playchess.com"]
[Source "ChessBase"]
[SourceQuality "1"]
[TimeControl "40/5400+30:1800+30"]

1. e4 c5 2. Nf3 e6 3. g3 Nc6 4. Bg2 Nf6 5. Qe2 g6 6. c3 Bg7 7. O-O O-O 8. d4 b6 9. Rd1 cxd4 10. cxd4 Bb7 11. Nc3 d5 12. e5 Ne8 13. Bf4 h6 14. h4 Nc7 15.
Rac1 Rc8 16. Qe3 Ne7 17. g4 h5 18. Bh3 hxg4 19. Bxg4 Nf5 20. Bxf5 exf5 21. Ng5 Re8 22. Qg3 Ne6 23. Nb5 Rxc1 24. Bxc1 Ba6 25. Nxf7 Kxf7 26. Nd6+ Ke7 27. Qa3 Kf8 28. Nxe8+ Kxe8 29. Qxa6 Qxh4 30. Qd3 Qg4+ 31. Kh2 Nxd4 32. Qg3 Qxd1 33. Qxg6+ Kf8 34. Qd6+ Kf7 35. Qxd5+ Kg6 36. Qg2+ Kh7 37. Be3 Qh5+ 38.
Kg1 Nf3+ 39. Kf1 Bxe5 40. b4 f4 0-1

[Event "36th European Club Cup 2021"]
[Site "Struga"]
[Date "2021.09.23"]
[Round "6.60"]
[White "Gimeno Higueras, Roberto"]
[Black "Carroll, Peter"]
[Result "1-0"]
[ECO "B22"]
[WhiteElo "2214"]
[BlackElo "2059"]
[Annotator "NA"]
[PlyCount "67"]
[EventDate "2021.09.18"]
[EventType "team-tourn"]
[EventCountry "MKD"]
[SourceTitle "playchess.com"]
[Source "ChessBase"]
[SourceQuality "1"]
[TimeControl "40/5400+30:1800+30"]

1. e4 c5 2. c3 Nf6 3. e5 Nd5 4. d4 cxd4 5. Nf3 Nc6 6. cxd4 d6 7. Bc4 Nb6 8. Bb5 dxe5 9. Nxe5 Bd7 10. Nxd7 Qxd7 11. O-O e6 12. Qg4 h5 13. Qe4 Qd5 14. Nc3 Qxe4 15. Nxe4 h4 16. Be3 Rh5 17. a4 a6 18. Bxc6+ bxc6 19. Rfc1 Kd7 20. Ng5 f6 21. Nxe6 Bd6 22. a5 Nc8 23. Nc5+ Bxc5 24. dxc5 Rd5 25. Ra4 g5 26. Rb4 Kc7 27. Bd4 f5 28. Bf6 f4 29. Re4 Kd7 30. Kf1 Rb8 31. b4 Rb7 32. Ke2 Rf5 33. Rd1+ Rd5 34. Bxg5 1-0

[Event "36th European Club Cup 2021"]
[Site "Struga"]
[Date "2021.09.24"]
[Round "7.6"]
[White "Chatalbashev, Boris"]
[Black "Ponkratov, Pavel"]
[Result "1/2-1/2"]
[ECO "A22"]
[WhiteElo "2530"]
[BlackElo "2657"]
[Annotator "ChessBase"]
[PlyCount "75"]
[EventDate "2021.09.18"]
[EventType "team-tourn"]
[EventCountry "MKD"]
[SourceTitle "playchess.com"]
[Source "ChessBase"]
[SourceQuality "1"]
[TimeControl "40/5400+30:1800+30"]

1. c4 Nf6 2. Nc3 e5 3. g3 Bb4 4. Bg2 O-O 5. Nf3 Re8 6. O-O e4 7. Nd4 Bxc3 8. dxc3 d6 9. f3 h6 10. g4 Nh7 11. h3 Nd7 12. f4 Nb6 13.
b3 f5 14. gxf5 Qf6 15. e3 Bxf5 16. Qh5 Bg6 17. Qg4 Bf7 18. Bd2 c5 19. Ne2 Qe7 20. Ng3 Nf6 21. Nf5 Nxg4 22. Nxe7+ Rxe7 23. hxg4 Ree8 24. Rad1 Rad8 25. Kf2 d5 26. cxd5 c4 27. bxc4 Nxc4 28. Bc1 Rxd5 29. Rxd5 Bxd5 30. Rd1 Nb6 31. Ba3 Bxa2 32. Bc5 Bc4 33. Rd4 Bd3 34. Rb4 g5 35. Bxb6 axb6 36. fxg5 hxg5 37. Rxb6 Rc8 38. Rxb7 1/2-1/2

[Event "36th European Club Cup 2021"]
[Site "Struga"]
[Date "2021.09.24"]
[Round "7.7"]
[White "Harikrishna, Pentala"]
[Black "Korobov, Anton"]
[Result "*"]
[ECO "B53"]
[WhiteElo "2725"]
[BlackElo "2685"]
[Annotator "RC"]
[PlyCount "121"]
[EventDate "2021.09.18"]
[EventType "team-tourn"]
[EventCountry "MKD"]
[SourceTitle "playchess.com"]
[Source "ChessBase"]
[SourceQuality "1"]
[TimeControl "40/5400+30:1800+30"]

1. e4 c5 2. Nf3 d6 3. d4 cxd4 4. Qxd4 Nf6 5. Be2 Nc6 6. Qe3 g6 7. O-O Bg7 8. h3 O-O 9. Rd1 Nd7 10. Nc3 a6 11. a4 b6 12. Qf4 Nb4 13.
Qh4 Nxc2 14. Rb1 Ne5 15. Nxe5 Bxe5 16. Nd5 Re8 17. Bd3 Nd4 18. Be3 Bb7 19. Bc4 b5 20. Bxd4 Bxd4 21. axb5 Be5 22. bxa6 Bxa6 23. Bxa6 Rxa6 24. b4 e6 25. Qxd8 Rxd8 26. b5 Ra7 27. Nb4 Rb7 28. Nc6 Ra8 29. g3 Ra4 30. f4 Bf6 31. b6 Ra6 32. Rxd6 Raxb6 33. Rxb6 Rxb6 34. e5 Rb1+ 35. Kg2 Rb2+ 36. Kf3 Rb3+ 37. Kg2 Rb2+ 38. Kf1 Bg7 39. Ne7+ Kf8 40. Nc6 Kg8 41. Rd7 Rb6 42. Nd8 f6 43. Re7 fxe5 44. Re8+ Bf8 45. Nxe6 Kf7 46. Rxf8+ Kxe6 47. Re8+ Kf6 48. Rxe5 h5 49. Kf2 Ra6 50. Kf3 Ra3+ 51. Re3 Ra4 52. Rc3 Rb4 53. g4 hxg4+ 54. hxg4 Rb7 55. Kg3 Kf7 56. Rc5 Rb4 57. Rc7+ Kg8 58. Rd7 Ra4 59. Kf3 Kf8 60. Ke3 g5 61. fxg5 *

[Event "36th European Club Cup 2021"]
[Site "Struga"]
[Date "2021.09.24"]
[Round "7.9"]
[White "Navara, David"]
[Black "Abasov, Nijat"]
[Result "1-0"]
[ECO "B45"]
[WhiteElo "2676"]
[BlackElo "2652"]
[Annotator "ChessBase"]
[PlyCount "115"]
[EventDate "2021.09.18"]
[EventType "team-tourn"]
[EventCountry "MKD"]
[SourceTitle "playchess.com"]
[Source "ChessBase"]
[SourceQuality "1"]
[TimeControl "40/5400+30:1800+30"]

1. e4 c5 2. Nf3 e6 3. d4 cxd4 4. Nxd4 Nf6 5. Nc3 Nc6 6. Nxc6 bxc6 7. e5 Nd5 8. Ne4 Qc7 9. f4 Qb6 10. c4 Bb4+ 11. Ke2 f5 12. Nf2 Ba6 13.
Kf3 Ne7 14. Be3 Bc5 15. Bxc5 Qxc5 16. Qd6 Qb6 17. b3 c5 18. Rd1 Bb7+ 19. Ke3 Kf7 20. Qxb6 axb6 21. Rxd7 Bc6 22. Rd2 g5 23. fxg5 h6 24. gxh6 Ng6 25. Nd3 Rxh6 26. h4 Be4 27. h5 Ke7 28. Nf2 Nxe5 29. Nxe4 fxe4 30. Be2 Rg8 31. Kxe4 Rg5 32. g4 Rf6 33. h6 Nxg4 34. Bxg4 Rxg4+ 35. Kd3 Rg8 36. h7 Rh8 37. Rdh2 Kd7 38. Rh6 Rf7 39. Ke4 Kd6 40. R1h5 Rg7 41. Re5 Re7 42. Rd5+ Kc7 43. Rdh5 Kd6 44. a3 Rg7 45. Re5 Re7 46. Rd5+ Kc7 47. Rdh5 Kd6 48. b4 cxb4 49. axb4 Rg7 50. c5+ bxc5 51. bxc5+ Kd7 52. Ke5 Rf7 53. c6+ Kxc6 54. Kxe6 Ra7 55. Kf6 Kd6 56. Rh1 Kd5 57. Kg6 Ke6 58. Rf1 1-0

[Event "36th European Club Cup 2021"]
[Site "Struga"]
[Date "2021.09.24"]
[Round "7.10"]
[White "Santos Latasa, Jaime"]
[Black "Ragger, Markus"]
[Result "1/2-1/2"]
[ECO "B45"]
[WhiteElo "2627"]
[BlackElo "2665"]
[Annotator "ChessBase"]
[PlyCount "41"]
[EventDate "2021.09.18"]
[EventType "team-tourn"]
[EventCountry "MKD"]
[SourceTitle "playchess.com"]
[Source "ChessBase"]
[SourceQuality "1"]
[TimeControl "40/5400+30:1800+30"]

1. e4 c5 2. Nf3 e6 3. d4 cxd4 4. Nxd4 Nf6 5. Nc3 Nc6 6. a3 Be7 7. Nxc6 bxc6 8. e5 Nd5 9. Qg4 g6 10. Qg3 d6 11. Nxd5 exd5 12. Bh6 Be6 13.
Bd3 Bh4 14. Qf4 dxe5 15. Qxe5 Qf6 16. Bf4 Qxe5+ 17. Bxe5 Rg8 18. Ba6 Bc8 19. Bd3 Be6 20. Ba6 Bc8 21. Bd3 1/2-1/2

[Event "36th European Club Cup 2021"]
[Site "Struga"]
[Date "2021.09.24"]
[Round "7.11"]
[White "Anton Guijarro, David"]
[Black "Alonso Rosell, Alvar"]
[Result "1/2-1/2"]
[ECO "D24"]
[WhiteElo "2651"]
[BlackElo "2566"]
[Annotator "ChessBase"]
[PlyCount "95"]
[EventDate "2021.09.18"]
[EventType "team-tourn"]
[EventCountry "MKD"]
[SourceTitle "playchess.com"]
[Source "ChessBase"]
[SourceQuality "1"]
[TimeControl "40/5400+30:1800+30"]

1. d4 Nf6 2. c4 e6 3. Nf3 d5 4. Nc3 dxc4 5. e4 b5 6. e5 Nd5 7. Nxb5 Nb6 8. Be2 Nc6 9. O-O Be7 10. Nc3 Qd7 11. Be3 O-O 12. Qb1 Nb4 13.
Ne4 Bb7 14. Nc5 Bxc5 15. dxc5 N6d5 16. Bd2 Nd3 17. Bxd3 cxd3 18. Qxd3 Qc6 19. Ng5 f5 20. exf6 Nxf6 21. Qh3 Rae8 22. Rfe1 e5 23. Qb3+ Kh8 24. f3 Qd7 25. Bc3 Bd5 26. Qc2 h6 27. Ne4 Nxe4 28. fxe4 Bc6 29. a4 Rf4 30. Re2 Qf7 31. b3 a6 32. h3 Qg6 33.
Rae1 Qe6 34. Re3 Rb8 35. Ba5 Qf7 36. Rg3 Rf8 37. Kh2 h5 38.
Qc3 Re8 39. Rg5 Rxe4 40. Rxe4 Bxe4 41. Qg3 c6 42. Bc3 Kh7 43. b4 Bg6 44. Rxe5 Rxe5 45. Qxe5 Bd3 46. Kg3 Qg6+ 47. Kf2 Be4 48. Qg3 1/2-1/2

[Event "36th European Club Cup 2021"]
[Site "Struga"]
[Date "2021.09.24"]
[Round "7.12"]
[White "Henderson de La Fuente, Lance"]
[Black "Bartel, Mateusz"]
[Result "1/2-1/2"]
[ECO "E05"]
[WhiteElo "2491"]
[BlackElo "2611"]
[Annotator "ChessBase"]
[PlyCount "61"]
[EventDate "2021.09.18"]
[EventType "team-tourn"]
[EventCountry "MKD"]
[SourceTitle "playchess.com"]
[Source "ChessBase"]
[SourceQuality "1"]
[TimeControl "40/5400+30:1800+30"]

1. d4 d5 2. Nf3 Nf6 3. c4 e6 4. g3 Be7 5. Bg2 O-O 6. O-O dxc4 7. Qc2 b6 8. Bg5 Nd5 9. Bxe7 Qxe7 10. Qxc4 Ba6 11. Qc2 Nd7 12. Nc3 Nxc3 13. bxc3 Rac8 14. Rfe1 c5 15. Qa4 Nb8 16. e4 cxd4 17. cxd4 Rc4 18. Qb3 Rfc8 19. Qe3 Rc3 20. Qf4 Nd7 21. h4 h6 22. e5 Qb4 23. Rad1 Bd3 24. h5 b5 25. d5 R8c4 26. Qd2 exd5 27. e6 fxe6 28.
Rxe6 Re4 29. Ng5 hxg5 30. Bxe4 dxe4 31. Qxg5 1/2-1/2

[Event "36th European Club Cup 2021"]
[Site "Struga"]
[Date "2021.09.24"]
[Round "7.16"]
[White "Kryvoruchko, Yuriy"]
[Black "Suleymanli, Aydin"]
[Result "0-1"]
[ECO "B12"]
[WhiteElo "2689"]
[BlackElo "2536"]
[Annotator "RC"]
[PlyCount "136"]
[EventDate "2021.09.18"]
[EventType "team-tourn"]
[EventCountry "MKD"]
[SourceTitle "playchess.com"]
[Source "ChessBase"]
[SourceQuality "1"]
[TimeControl "40/5400+30:1800+30"]

1. e4 c6 2. d4 d5 3. e5 Bf5 4. Nf3 e6 5. Be2 c5 6. Be3 cxd4 7. Nxd4 Ne7 8.
Nd2 Nbc6 9. N2f3 Be4 10. O-O a6 11. Rc1 Rc8 12. c4 dxc4 13.
Bxc4 Nd5 14. Nxc6 Rxc6 15. Nd4 Nxe3 16. fxe3 Qg5 17. Qe2 Bc5 18. Rc3 Qxe5 19. Nxc6 Bxc6 20. Qf2 O-O 21. Qf4 Qh5 22. Rf2 Qd1+ 23. Bf1 Ba7 24. Rd3 Qh5 25. Be2 Qg6 26. h4 Bb8 27. Qg4 Bg3 28.
Rf1 Qxg4 29. Bxg4 Bb5 30. Rb3 Bxf1 31. Kxf1 Rb8 32. h5 Kf8 33. Bf3 b6 34. Rc3 Be5 35. Rc2 Ke7 36. b3 a5 37. Ke2 Bd6 38.
g4 Bc5 39. Rd2 Rc8 40. Bb7 Rc7 41. Be4 g6 42. hxg6 hxg6 43. Bd3 Rc8 44. Be4 Rh8 45. Bg2 Kf6 46. Kf3 Bb4 47. Rd7 Rc8 48. Bf1 g5 49. Bc4 Rh8 50. Kg2 Bc5 51. e4 Rh7 52. Bf1 Ke5 53. Kg3 Be3 54. Bg2 Rh8 55. Kf3 Bf4 56. Rxf7 Rc8 57. Rb7 Rc3+ 58. Ke2 Rc2+ 59. Kf3 Rc3+ 60. Ke2 Be3 61. Rg7 Bc5 62. Rxg5+ Kf4 63. Rh5 Rc2+ 64. Kf1 Kxg4 65. Rh2 Rf2+ 66. Kg1 Rxa2+ 67. Kf1 Ra1+ 68. Ke2 Kg3 0-1

[Event "36th European Club Cup 2021"]
[Site "Struga"]
[Date "2021.09.24"]
[Round "7.17"]
[White "Sadikhov, Ulvi"]
[Black "Inarkiev, Ernesto"]
[Result "1-0"]
[ECO "A28"]
[WhiteElo "2509"]
[BlackElo "2663"]
[Annotator "ChessBase"]
[PlyCount "137"]
[EventDate "2021.09.18"]
[EventType "team-tourn"]
[EventCountry "MKD"]
[SourceTitle "playchess.com"]
[Source "ChessBase"]
[SourceQuality "1"]
[TimeControl "40/5400+30:1800+30"]

1. c4 e5 2. d3 Ne7 3. Nc3 d5 4. cxd5 Nxd5 5. Nf3 Nc6 6. e3 Be6 7. Be2 Be7 8. O-O f5 9. a3 Bf6 10. Qc2 Qd6 11. Nxd5 Qxd5 12. e4 Qd7 13. b4 a6 14. Bb2 O-O 15. Rac1 Rac8 16. Qb1 Rfe8 17. Rfd1 Kh8 18. d4 exd4 19. b5 axb5 20. Bxb5 Bb3 21. Rxd4 Qf7 22. Bxc6 bxc6 23. e5 Bxe5 24. Nxe5 Rxe5 25. Rb4 Ba2 26. Qc2 Re6 27. Rf4 Rf8 28. a4 Bd5 29. a5 Rfe8 30. Qc3 Qg6 31. g3 h6 32. Rf1 Kh7 33.
a6 Ra8 34. Qa5 Re7 35. a7 Qh5 36. h4 Qe2 37. Qc5 Rf7 38. Qd4 Kg6 39. Bc3 Re7 40. g4 fxg4 41. Rxg4+ Kh5 42. Rg3 Qe4 43. Qd1+ Qe2 44. Qd4 Qe4 45. Qd1+ Qe2 46. Qc1 Qe4 47. Kh2 Rf7 48. Qd1+ Rf3 49. Re1 Qf4 50. Re3 Rxa7 51. Rexf3 Bxf3 52. Qxf3+ Qxf3 53. Rxf3 g6 54. Rf4 Ra2 55. Kg3 Rc2 56. Rc4 Rc1 57. Rc5+ g5 58. hxg5 Rg1+ 59. Kf3 Rxg5 60. Rxc6 Rf5+ 61. Ke3 Rb5 62. Rxc7 Kg4 63. Ke4 h5 64. Rg7+ Kh3 65. f4 Rb3 66. Bd4 Rb1 67. f5 Re1+ 68. Be3 Rf1 69. Rg1 1-0

[Event "36th European Club Cup 2021"]
[Site "Struga"]
[Date "2021.09.24"]
[Round "7.18"]
[White "Predke, Alexandr"]
[Black "Ahmadzada, Ahmad"]
[Result "1-0"]
[ECO "A70"]
[WhiteElo "2662"]
[BlackElo "2462"]
[Annotator "ChessBase"]
[PlyCount "71"]
[EventDate "2021.09.18"]
[EventType "team-tourn"]
[EventCountry "MKD"]
[SourceTitle "playchess.com"]
[Source "ChessBase"]
[SourceQuality "1"]
[TimeControl "40/5400+30:1800+30"]

1. d4 Nf6 2. c4 c5 3. d5 e6 4. Nc3 exd5 5. cxd5 d6 6. e4 g6 7. Nf3 Bg7 8. h3 O-O 9. Be3 Re8 10. Bd3 Nbd7 11. O-O Ne5 12. Nxe5 Rxe5 13. f4 Re8 14. Qf3 a6 15. a4 Qc7 16. f5 Kh8 17. Bg5 gxf5 18. Rae1 c4 19. e5 Nd7 20. exd6 Qc5+ 21. Kh1 Rxe1 22. Rxe1 Ne5 23. Bh6 f6 24. Qh5 Qxd6 25. Bxg7+ Kxg7 26. Bxf5 Bxf5 27. Qxf5 Rf8 28. Re3 b5 29. axb5 axb5 30. Nxb5 Qxd5 31. Nc7 Qd1+ 32. Kh2 Kh8 33. Rxe5 Qd6 34. Ne6 Rf7 35. Ng5 Rc7 36. Qc8+ 1-0

[Event "36th European Club Cup 2021"]
[Site "Struga"]
[Date "2021.09.24"]
[Round "7.19"]
[White "Tari, Aryan"]
[Black "Grischuk, Alexander"]
[Result "1/2-1/2"]
[ECO "C67"]
[WhiteElo "2642"]
[BlackElo "2775"]
[Annotator "ChessBase"]
[PlyCount "60"]
[EventDate "2021.09.18"]
[EventType "team-tourn"]
[EventCountry "MKD"]
[SourceTitle "playchess.com"]
[Source "ChessBase"]
[SourceQuality "1"]
[TimeControl "40/5400+30:1800+30"]

1. e4 e5 2. Nf3 Nc6 3. Bb5 Nf6 4. O-O Nxe4 5. Re1 Nd6 6.
Nxe5 Be7 7. Bf1 Nxe5 8. Rxe5 O-O 9. d4 Bf6 10. Re1 Re8 11.
Bf4 Rxe1 12. Qxe1 Ne8 13. c3 d5 14. Bd3 g6 15. Nd2 Ng7 16.
Nf3 c6 17. Qe2 Bf5 18. Bxf5 Nxf5 19. Re1 Ng7 20. Be5 Ne6 21. Bxf6 Qxf6 22. Ne5 Re8 23. Ng4 Qd8 24. Qe5 Ng7 25. Qxe8+ Nxe8 26. Rxe8+ Qxe8 27. Nf6+ Kf8 28. Nxe8 Kxe8 29. f4 f5 30. Kf2 Ke7 1/2-1/2